 Dungeon Crawl Stone Soup version 0.30-a0-618-gd6c86c23d0 (webtiles) character file.

Game seed: 6388409143531836734

24 Leeroy the Slasher (level 3, 0/28 HPs)
             Began as a Barachi Reaver on Jan 9, 2023.
             Slain by a kobold
             ... wielding a +0 short sword
              (4 damage)
             ... on level 1 of the Dungeon.
             The game lasted 00:00:46 (534 turns).

Leeroy the Slasher (Barachi Reaver)                  Turns: 534, Time: 00:00:46

Health: 0/28       AC:  3    Str: 13    XL:     3   Next: 2%
Magic:  6/6        EV: 11    Int: 13    God:
Gold:   0          SH:  0    Dex: 12    Spells: 5/6 levels left

rFire   . . .      SeeInvis .    a - +0 falchion
rCold   . . .      Faith    .    (no shield)
rNeg    . . .      Spirit   .    b - +0 leather armour
rPois   .          Reflect  .    (no helmet)
rElec   .          Harm     .    (no cloak)
rCorr   .          Rampage  .    (no gloves)
Will    .....                    (no boots)
Stlth   +                        (no amulet)
HPRegen 0.24/turn                (no ring)
MPRegen 0.10/turn                (no ring)

@: attractive, slow
A: amphibious, slowness 1, strong legs 1, +LOS
a: Hop


You were on level 1 of the Dungeon.
You visited 1 branch of the dungeon, and saw 1 of its levels.

Inventory:

Hand Weapons
 a - a +0 falchion (weapon)
Armour
 b - a +0 leather armour (worn)
Jewellery
 d - an amulet of faith
Scrolls
 c - a scroll of poison {unknown}
Potions
 f - a potion of resistance {unknown}


   Skills:
 - Level 2.4 Fighting
 + Level 5.0 Long Blades
 - Level 2.1 Dodging
 - Level 2.1 Spellcasting
 - Level 3.2 Conjurations


You had 5 spell levels left.
You knew the following spells:

 Your Spells              Type           Power      Damage    Failure   Level
a - Kiss of Death         Conj/Necr      20%        2d7       16%         1

Your spell library contained the following spells:

 Spells                   Type           Power      Damage    Failure   Level
 Momentum Strike          Conj/Tloc      10%        3d8       24%         2
 Cigotuvi's Dreadful Rot  Necr/Pois/Air  2%         N/A       43%         2
 Poisonous Vapours        Pois/Air       2%         N/A       43%         2
 Hailstorm                Conj/Ice       5%         3d4       43%         3
 Mephitic Cloud           Conj/Pois/Air  4%         N/A       52%         3


Dungeon Overview and Level Annotations

Branches:
Dungeon (1/15)

Altars:


Innate Abilities, Weirdness & Mutations

You are amphibious.
You cover ground slowly.
You can hop short distances.
You have an extended range of vision and can be seen from far away.


Message History

The kobold hits the plant with a +0 short sword.
The kobold hits the bush with a +0 club.
The kobold attacks as you move away! The kobold closely misses you.
The kobold throws a stone.
The stone hits you.
The kobold hits the bush but does no damage.
The kobold hits the plant with a +0 club.
The kobold hits the bush but does no damage.
A rat comes into view.
A nearby plant withers and dies.
The kobold hits you with a +0 whip.
* * * LOW HITPOINT WARNING * * *
The kobold hits the bush but does no damage.
The kobold barely misses you. The kobold misses you.
The kobold hits the bush with a +0 club.
The kobold hits the bush but does no damage.
You barely miss the kobold. The kobold hits you with a +0 whip.
* * * LOW HITPOINT WARNING * * *
The kobold hits the bush but does no damage. x2
The frilled lizard bites the plant.
The plant begins to die.
The kobold hits you with a +0 short sword.
* * * LOW HITPOINT WARNING * * *
The kobold throws a stone.
The stone completely misses you.
The kobold hits the bush but does no damage.
The kobold hits the bush with a +0 club.
It was a potion of attraction.
You feel attractive to monsters. The kobold is attracted toward you. x2
You closely miss the kobold. The kobold barely misses you. x2
The kobold attacks as you move away! The kobold barely misses you.
The kobold throws a stone.
The stone closely misses you.
You hit the kobold.
The kobold is severely wounded.
The kobold barely misses you.
You closely miss the kobold.
The kobold is severely wounded.
The kobold completely misses you.
Something bites the bush.
You completely miss the kobold.
The kobold is severely wounded.
Something bites the bush but does no damage.
The kobold hits you with a +0 short sword.
You die...

#.######## # #.# #P♣♣♣♣♣
####### #.#
P#P..~PP##.....# #.#
.P.....PP#.....# #.#
#......)P#.....# #.#
#$..§..K§KK#...# #.#
#.÷......#K#...# #.#
PP.....PP#@#...###.########
P#P...P#♣#.....'........>..
♣♣♣#♣ ###...#########..#
#...# #..# #...# #..# #####
#..# #..# #..# #(.#


You could see 3 kobolds.

Vanquished Creatures
  A dart slug (D:1)
  A giant cockroach (D:1)
  2 goblins (D:1)
  5 hobgoblins (D:1)
  2 jackals (D:1)
  3 kobolds (D:1)
  A quokka (D:1)
  A bat (D:1)
  A frilled lizard (D:1)
  3 rats (D:1)
20 creatures vanquished.

Vanquished Creatures (others)
  4 plants (D:1)
4 creatures vanquished.

Grand Total: 24 creatures vanquished

Notes
Turn   | Place    | Note
-------+----------+-------------------------------------------
     0 | D:1      | Leeroy the Barachi Reaver began the quest for the Orb.
     0 | D:1      | Reached XP level 1. HP: 17/17 MP: 3/3
    82 | D:1      | Reached skill level 4 in Long Blades
    92 | D:1      | Reached XP level 2. HP: 4/23 MP: 5/5
   508 | D:1      | Reached XP level 3. HP: 28/28 MP: 6/6
   519 | D:1      | Reached skill level 5 in Long Blades
   534 | D:1      | Slain by a kobold

Illustrated notes

Levels and vault maps discovered:
D:1:      lightli_arrival_farm, layout_basic, shapermc_ecumenical_altar_pompeii,
          lexackson_kobold_supper

Skill      XL: |  1  2  3 |
---------------+----------+-----
Long Blades    | 4 5 |  5.0
Fighting       | |  2.4
Dodging        | |  2.1
Spellcasting   | |  2.1
Conjurations   | |  3.2

Action                   || total
-------------------------++-------
Melee: Falchion          ||    77
       Punch             ||     2
  Use: Potion            ||     1
Armor: Leather armour    ||    19
Dodge: Dodged            ||    72

Table legend: (Time is in decaauts)
 A = Elapsed time spent in this place.
 B = Non-inter-level travel time spent in this place.
 C = Inter-level travel time spent in this place.
 D = Time resting spent in this place.
 E = Time spent auto-exploring this place.
 F = Levels seen in this place.
 G = Mean time per level.
                   A        B        C        D        E       F      G
               +--------+--------+--------+--------+--------+-----+--------+
         Total |    599 |    599 |      0 |      0 |    459 |   1 |  599.0 |
       Dungeon |    599 |    599 |      0 |      0 |    459 |   1 |  599.0 |
               +--------+--------+--------+--------+--------+-----+--------+

Top non-repeatable levels by time:
     D:1: 599 daAuts
